MLB
LAS VEGAS HUSTLE @ SAN DIEGO PADRES
05/06/2099
 
TOP OF THE 1ST
Las Vegas Hustle batting - Pitching for San Diego Padres : LHP Bryant Miller
Pitching: LHP Bryant Miller
Batting: LHB Steve Lawler 0-0: Foul Ball, location: 7LDF
0-1: Bunt missed!
0-2: Foul Ball, location: 5SF
0-2: Ball
1-2: Foul Ball, location: 7LMF
1-2: Ball
2-2: Fly out, F9 (Flyball, 9, EV 76.9 MPH)
Batting: LHB Jon Guzman 0-0: Ball
1-0: Foul Ball, location: 2F
1-1: Foul Ball, location: 7LSF
1-2: SINGLE (Groundball, 34D, EV 112.5 MPH)
Batting: RHB John Conway 0-0: Ball
1-0: Fly out, F8 (Flyball, 8LD, EV 94.4 MPH)
Batting: RHB Clint Hurley 0-0: Swinging Strike
0-1: Foul Ball, location: 2F
0-2: Ball
1-2: Strikes out looking
Top of the 1st over - 0 runs, 1 hit, 0 errors, 1 left on base; Las Vegas 0 - San Diego 0
BOTTOM OF THE 1ST
San Diego Padres batting - Pitching for Las Vegas Hustle : LHP Mike Stauch
Pitching: LHP Mike Stauch
Batting: RHB Alfredo Beltran 0-0: Ball
1-0: Foul Ball, location: 9LSF
1-1: Called Strike
1-2: Fly out, F9 (Flyball, 9S, EV 90.6 MPH)
Batting: RHB Maxwell Judson 0-0: Called Strike
0-1: Called Strike
0-2: Ball
1-2: Ball
2-2: Ball
3-2: Foul Ball, location: 5FF
3-2: Foul Ball, location: 2F
3-2: Foul Ball, location: 5F
3-2: Foul Ball, location: 5FF
3-2: Base on Balls
Batting: RHB Jose Barillas 0-0: Ball
1-0: Ball
2-0: Called Strike
2-1: SINGLE (Line Drive, 56D, EV 102.5 MPH)
Maxwell Judson to second
Batting: RHB Chris Santos 0-0: Ball
1-0: Called Strike
1-1: SINGLE (Line Drive, 6D, EV 110.0 MPH)
Maxwell Judson to third
Jose Barillas to second
Runner from 3rd tries for Home, SAFE, throw by LF to home
Jose Barillas to third
Chris Santos to second
Batting: RHB Tony Woody 0-0: Ball
1-0: Ball
2-0: Ball
3-0: Called Strike
3-1: Foul Ball, location: 2F
3-2: Strikes out swinging
Batting: RHB John Ballard 0-0: Ball
1-0: Foul Ball, location: 7LSFF
1-1: Ball
2-1: Ball
3-1: Swinging Strike
3-2: Base on Balls
Batting: LHB Joel Sherlock 0-0: Called Strike
0-1: SINGLE (Line Drive, 9S, EV 103.1 MPH)
Jose Barillas scores
Chris Santos to third
John Ballard to second
Runner from 3rd tries for Home, SAFE, throw by RF to home
Batting: RHB Colby Krant 0-0: Ball
1-0: Ball
2-0: Ball
3-0: Base on Balls
John Ballard to third
Joel Sherlock to second
Batting: RHB Avery Thomas 0-0: Ball
1-0: Called Strike
1-1: DOUBLE (Line Drive, 7LS, EV 94.4 MPH)
John Ballard scores
Joel Sherlock scores
Colby Krant to third
Batting: RHB Alfredo Beltran 0-0: Ball
1-0: SINGLE (Groundball, 6S, EV 75.0 MPH) (infield hit)
Colby Krant scores
Avery Thomas to third
Batting: RHB Maxwell Judson 0-0: Ball
1-0: Ball
2-0: Ball
3-0: Called Strike
3-1: Foul Ball, location: 2F
3-2: Foul Ball, location: 2F
3-2: Foul Ball, location: 23F
3-2: Foul Ball, location: 2F
3-2: Base on Balls
Alfredo Beltran to second
Pitching: LHP Matt Osborne
Batting: RHB Jose Barillas 0-0: Called Strike
0-1: Ball
1-1: Ball
2-1: Ball
3-1: SINGLE (Line Drive, 78S, EV 103.8 MPH)
Avery Thomas scores
Alfredo Beltran to third
Maxwell Judson to second
Batting: RHB Chris Santos 0-0: Foul Ball, location: 3F
0-1: Ball
1-1: Called Strike
1-2: Ball
2-2: Foul Ball, location: 2LF
2-2: Foul Ball, location: 2RF
2-2: Hit by Pitch
Alfredo Beltran scores
Maxwell Judson to third
Jose Barillas to second
Batting: RHB Tony Woody 0-0: Ball
1-0: SINGLE (Line Drive, 8RS, EV 83.8 MPH)
Maxwell Judson scores
Jose Barillas to third
Chris Santos to second
Runner from 3rd tries for Home, SAFE, throw by CF to home
Batting: RHB John Ballard 0-0: Called Strike
0-1: Ball
1-1: Called Strike
1-2: Foul Ball, location: 2F
1-2: Foul Ball, location: 2F
1-2: Foul Ball, location: 9LMF
1-2: Foul Ball, location: 9LMF
1-2: Ball
2-2: SINGLE (Groundball, 2R, EV 70.0 MPH) (infield hit)
Chris Santos to third
Tony Woody to second
Batting: LHB Joel Sherlock 0-0: Called Strike
0-1: SINGLE (Groundball, 4MD, EV 97.5 MPH)
Chris Santos scores
Tony Woody to third
John Ballard to second
Runner from 3rd tries for Home, SAFE, throw by CF to home
Batting: RHB Colby Krant 0-0: Called Strike
0-1: Ball
1-1: Called Strike
1-2: Ball
2-2: Foul Ball, location: 2F
2-2: Ball
3-2: Base on Balls
John Ballard to third
Joel Sherlock to second
Pitching: RHP Edwin Villagomez
Batting: RHB Avery Thomas 0-0: Swinging Strike
0-1: Swinging Strike
0-2: Strikes out swinging
Bottom of the 1st over - 12 runs, 9 hits, 0 errors, 3 left on base; Las Vegas 0 - San Diego 12
TOP OF THE 2ND
Las Vegas Hustle batting - Pitching for San Diego Padres : LHP Bryant Miller
Batting: RHB Rick Roberds 0-0: Swinging Strike
0-1: Foul Ball, location: 23F
0-2: Strikes out swinging
Batting: RHB Nick Allen 0-0: Ball
1-0: Swinging Strike
1-1: Foul Ball, location: 5F
1-2: Ball
2-2: Strikes out swinging
Batting: SHB Jose Espinoza 0-0: SINGLE (Line Drive, 9S, EV 99.4 MPH)
Batting: RHB Leonardo Sosa 0-0: Foul Ball, location: 7LSF
0-1: Ball
1-1: Called Strike
1-2: Ball
2-2: Foul Ball, location: 2F
2-2: Fly out, F4 (Line Drive, 4, EV 65.0 MPH)
Top of the 2nd over - 0 runs, 1 hit, 0 errors, 1 left on base; Las Vegas 0 - San Diego 12
BOTTOM OF THE 2ND
San Diego Padres batting - Pitching for Las Vegas Hustle : RHP Edwin Villagomez
Batting: RHB Alfredo Beltran 0-0: Ball
1-0: Ball
2-0: SINGLE (Line Drive, 89M, EV 90.0 MPH)
Batting: RHB Maxwell Judson 0-0: Foul Ball, location: 5F
0-1: Foul Ball, location: 2F
0-2: Ball
1-2: Ball
2-2: Fielders Choice at 2nd, 4-6 (Groundball, 4M, EV 84.4 MPH)
Batting: RHB Jose Barillas 0-0: Called Strike
0-1: SINGLE (Line Drive, 8LS, EV 110.0 MPH)
Maxwell Judson to second
Pitching: RHP Nick Hof
Batting: RHB Chris Santos 0-0: Called Strike
0-1: Ball
1-1: Ball
2-1: Fly out, F7 (Flyball, 7S, EV 88.8 MPH)
Batting: RHB Tony Woody 0-0: Ball
1-0: Fielders Choice at 2nd, 6-4 (Groundball, 6, EV 86.3 MPH)
Bottom of the 2nd over - 0 runs, 2 hits, 0 errors, 2 left on base; Las Vegas 0 - San Diego 12
TOP OF THE 3RD
Las Vegas Hustle batting - Pitching for San Diego Padres : LHP Bryant Miller
Batting: SHB Alberto Aguilar 0-0: Ball
1-0: Fly out, F3 (Line Drive, 3, EV 69.4 MPH)
Batting: LHB Steve Lawler 0-0: Called Strike
0-1: Fly out, F8 (Flyball, 8LM, EV 96.9 MPH)
Batting: LHB Jon Guzman 0-0: Ball
1-0: Ball
2-0: Fly out, F9 (Flyball, 9, EV 96.3 MPH)
Top of the 3rd over - 0 runs, 0 hits, 0 errors, 0 left on base; Las Vegas 0 - San Diego 12
BOTTOM OF THE 3RD
San Diego Padres batting - Pitching for Las Vegas Hustle : RHP Nick Hof
Batting: RHB John Ballard 0-0: Fly out, F8 (Flyball, 8RD, EV 97.5 MPH)
Batting: LHB Joel Sherlock 0-0: Swinging Strike
0-1: Swinging Strike
0-2: Ball
1-2: Ball
2-2: Ball
3-2: Strikes out swinging
Batting: RHB Colby Krant 0-0: Swinging Strike
0-1: Ball
1-1: Fly out, F8 (Flyball, 8LD, EV 95.0 MPH)
Bottom of the 3rd over - 0 runs, 0 hits, 0 errors, 0 left on base; Las Vegas 0 - San Diego 12
TOP OF THE 4TH
Las Vegas Hustle batting - Pitching for San Diego Padres : LHP Bryant Miller
Batting: RHB John Conway 0-0: Ball
1-0: Ground out 6-3 (Groundball, 56, EV 97.5 MPH)
Batting: RHB Clint Hurley 0-0: Ball
1-0: Fly out, F8 (Flyball, 78M, EV 93.8 MPH)
Batting: RHB Rick Roberds 0-0: Ball
1-0: Called Strike
1-1: Ball
2-1: Foul Ball, location: 2F
2-2: SINGLE (Line Drive, 34D, EV 96.9 MPH)
Batting: RHB Nick Allen 0-0: Ball
1-0: Called Strike
1-1: Swinging Strike
1-2: Ball
2-2: Ball
3-2: Strikes out swinging
Top of the 4th over - 0 runs, 1 hit, 0 errors, 1 left on base; Las Vegas 0 - San Diego 12
BOTTOM OF THE 4TH
San Diego Padres batting - Pitching for Las Vegas Hustle : RHP Nick Hof
Batting: RHB Avery Thomas 0-0: Ground out 5-3 (Groundball, 56S, EV 88.8 MPH)
Batting: RHB Alfredo Beltran 0-0: Ground out U3 (Groundball, 13, EV 89.4 MPH)
Batting: RHB Maxwell Judson 0-0: Called Strike
0-1: Ball
1-1: Called Strike
1-2: Ground out 1-3 (Groundball, 15S, EV 62.5 MPH)
Bottom of the 4th over - 0 runs, 0 hits, 0 errors, 0 left on base; Las Vegas 0 - San Diego 12
TOP OF THE 5TH
Las Vegas Hustle batting - Pitching for San Diego Padres : LHP Bryant Miller
Batting: SHB Jose Espinoza 0-0: Ball
1-0: Ball
2-0: Swinging Strike
2-1: Called Strike
2-2: Ground out 5-3 (Groundball, 5, EV 85.6 MPH)
Batting: RHB Leonardo Sosa 0-0: Swinging Strike
0-1: Foul Ball, location: 2F
0-2: Ball
1-2: Ground out 4-3 (Groundball, 34, EV 104.4 MPH)
Batting: SHB Alberto Aguilar 0-0: Fly out, F9 (Flyball, 9LM, EV 76.9 MPH)
Top of the 5th over - 0 runs, 0 hits, 0 errors, 0 left on base; Las Vegas 0 - San Diego 12
BOTTOM OF THE 5TH
San Diego Padres batting - Pitching for Las Vegas Hustle : RHP Nick Hof
Batting: RHB Jose Barillas 0-0: Ball
1-0: Ground out 5-3 (Groundball, 56, EV 89.4 MPH)
Batting: RHB Chris Santos 0-0: Called Strike
0-1: Ball
1-1: Ball
2-1: SINGLE (Groundball, 4D, EV 102.5 MPH)
Batting: RHB Tony Woody 0-0: Swinging Strike
0-1: Ball
1-1: Ball
2-1: Foul Ball, location: 9LMF
2-2: Strikes out swinging
Batting: RHB John Ballard 0-0: Called Strike
0-1: Foul Ball, location: 9LMF
0-2: Foul Ball, location: 9LMF
0-2: Ball
1-2: Fly out, F3 (Popup, 3S, EV 86.9 MPH)
Bottom of the 5th over - 0 runs, 1 hit, 0 errors, 1 left on base; Las Vegas 0 - San Diego 12
TOP OF THE 6TH
Las Vegas Hustle batting - Pitching for San Diego Padres : LHP Bryant Miller
Batting: LHB Steve Lawler 0-0: Ball
1-0: Fly out, F8 (Flyball, 8RD, EV 111.3 MPH)
Pitching: RHP George Hulings
Batting: LHB Jon Guzman 0-0: Ball
1-0: Called Strike
1-1: Ball
2-1: Ball
3-1: Base on Balls
Batting: RHB John Conway 0-0: Ball
1-0: Grounds into double play, 6-4-3 (Groundball, 6S, EV 93.1 MPH)
Top of the 6th over - 0 runs, 0 hits, 0 errors, 0 left on base; Las Vegas 0 - San Diego 12
BOTTOM OF THE 6TH
San Diego Padres batting - Pitching for Las Vegas Hustle : RHP Nick Hof
Pitching: LHP Brad Nelson
Batting: LHB Joel Sherlock 0-0: Ball
1-0: Foul Ball, location: 7LDF
1-1: Ball
2-1: Ball
3-1: Called Strike
3-2: Fly out, F5 (Popup, 56S, EV 85.6 MPH)
Batting: RHB Colby Krant 0-0: Ball
1-0: Called Strike
1-1: Foul Ball, location: 5F
1-2: Foul Ball, location: 2F
1-2: Ball
2-2: Strikes out swinging
Batting: RHB Avery Thomas 0-0: Swinging Strike
0-1: Ball
1-1: Ball
2-1: Ball
3-1: Foul Ball, location: 3FF
3-2: Strikes out swinging
Bottom of the 6th over - 0 runs, 0 hits, 0 errors, 0 left on base; Las Vegas 0 - San Diego 12
TOP OF THE 7TH
Las Vegas Hustle batting - Pitching for San Diego Padres : RHP George Hulings
Batting: RHB Clint Hurley 0-0: Called Strike
0-1: Foul Ball, location: 3F
0-2: Foul Ball, location: 23F
0-2: Foul Ball, location: 3FF
0-2: Fly out, F9 (Flyball, 9, EV 87.5 MPH)
Batting: RHB Rick Roberds 0-0: Called Strike
0-1: Ball
1-1: SINGLE (Groundball, 6M, EV 90.0 MPH) (infield hit)
Batting: RHB Nick Allen 0-0: Foul Ball, location: 2F
0-1: Ball
1-1: Fly out, F9 (Flyball, 89D, EV 95.6 MPH)
Batting: SHB Jose Espinoza 0-0: Fly out, F3 (Popup, 23F, EV 82.5 MPH)
Top of the 7th over - 0 runs, 1 hit, 0 errors, 1 left on base; Las Vegas 0 - San Diego 12
BOTTOM OF THE 7TH
San Diego Padres batting - Pitching for Las Vegas Hustle : LHP Brad Nelson
Batting: RHB Alfredo Beltran 0-0: Called Strike
0-1: Called Strike
0-2: Foul Ball, location: 5DF
0-2: Ball
1-2: Ball
2-2: Foul Ball, location: 3DF
2-2: Ball
3-2: Strikes out swinging
Batting: RHB Maxwell Judson 0-0: Ball
1-0: Foul Ball, location: 2F
1-1: Foul Ball, location: 9LMF
1-2: Ball
2-2: SINGLE (Line Drive, 78S, EV 101.3 MPH)
Pitching: RHP Vic Correa
Batting: RHB Jose Barillas 0-0: Ball
1-0: Ball
2-0: Swinging Strike
2-1: 2-RUN HOME RUN (Flyball, 7LD, EV 94.4 MPH), Distance : 338 ft
Batting: RHB Chris Santos 0-0: Called Strike
0-1: Swinging Strike
0-2: Ball
1-2: Strikes out swinging
Batting: RHB Tony Woody 0-0: Swinging Strike
0-1: Ball
1-1: Swinging Strike
1-2: Foul Ball, location: 9LMF
1-2: Strikes out looking
Bottom of the 7th over - 2 runs, 2 hits, 0 errors, 0 left on base; Las Vegas 0 - San Diego 14
TOP OF THE 8TH
Las Vegas Hustle batting - Pitching for San Diego Padres : RHP George Hulings
Batting: RHB Leonardo Sosa 0-0: Swinging Strike
0-1: Ball
1-1: Ball
2-1: Foul Ball, location: 7LSF
2-2: Strikes out swinging
Batting: SHB Alberto Aguilar 0-0: Ball
1-0: SINGLE (Line Drive, 6D, EV 104.4 MPH)
Batting: LHB Steve Lawler 0-0: Ball
1-0: Fly out, F8 (Line Drive, 8LM, EV 91.3 MPH)
Batting: LHB Jon Guzman 0-0: Called Strike
0-1: Ball
1-1: Foul Ball, location: 2F
1-2: Strikes out swinging, 2-3 out at first.
Top of the 8th over - 0 runs, 1 hit, 0 errors, 1 left on base; Las Vegas 0 - San Diego 14
BOTTOM OF THE 8TH
San Diego Padres batting - Pitching for Las Vegas Hustle : RHP Vic Correa
Batting: RHB John Ballard 0-0: SINGLE (Line Drive, 78S, EV 104.4 MPH)
Batting: LHB Joel Sherlock 0-0: Ball
1-0: Called Strike
1-1: Foul Ball, location: 23FF
1-2: Ball
2-2: Fly out, F8 (Flyball, 8LD, EV 104.4 MPH)
Batting: RHB Colby Krant 0-0: Grounds into double play, 5-4-3 (Groundball, 56, EV 83.1 MPH)
Bottom of the 8th over - 0 runs, 1 hit, 0 errors, 0 left on base; Las Vegas 0 - San Diego 14
TOP OF THE 9TH
Las Vegas Hustle batting - Pitching for San Diego Padres : RHP George Hulings
Pitching: LHP Lorenzo Cabrera
Batting: RHB John Conway 0-0: Called Strike
0-1: Swinging Strike
0-2: Foul Ball, location: 9LDF
0-2: Foul Ball, location: 9LDF
0-2: Ball
1-2: Strikes out looking
Batting: RHB Clint Hurley 0-0: Called Strike
0-1: Ball
1-1: Foul Ball, location: 2LF
1-2: Ground out 4-3 (Groundball, 13, EV 90.6 MPH)
Batting: RHB Rick Roberds 0-0: Ball
1-0: Swinging Strike
1-1: Swinging Strike
1-2: Ball
2-2: Foul Ball, location: 23FF
2-2: Strikes out swinging
Top of the 9th over - 0 runs, 0 hits, 0 errors, 0 left on base; Las Vegas 0 - San Diego 14
Sunday, May 5th , 2024 - OOTP Baseball 24.11 Build 85